 Dungeon Crawl Stone Soup version 0.20.1-1-g8b1a95d (webtiles) character file.

4522 Kagerus the Basher (level 10, -6/61 HPs)
             Began as a Human Fighter on July 30, 2017.
             Was an Initiate of the Shining One.
             Killed from afar by a smoke demon (11 damage)
             ... with a ball of steam
             ... on level 1 of the Abyss.
             The game lasted 00:33:00 (9163 turns).

Kagerus the Basher (Human Fighter)                  Turns: 9163, Time: 00:33:02

Health: -6/61      AC: 19    Str: 19    XL:     10   Next: 66%
Magic:  10/10      EV:  4    Int:  9    God:    the Shining One [......]
Gold:   358        SH: 11    Dex: 13    Spells: 9/9 levels left

rFire    . . .     SeeInvis +   a - +1 flail
rCold    . . .     Gourm    .   c - +0 shield
rNeg     + . .     Faith    .   x - +0 plate armour
rPois    .         Spirit   .   (no helmet)
rElec    .         Reflect  .   E - +2 cloak {MR+}
rCorr    .         Harm     .   m - +0 pair of gloves
MR       +....                  H - +0 pair of boots
Stlth    ..........             w - amulet of rage
Regen    0.2/turn               n - ring of positive energy
MPRegen  0.2/turn               L - ring of see invisible

@: about to teleport, glowing
A: [frail 2], [no potion heal 2], [subdued magic 3]
a: Renounce Religion, Evoke Berserk Rage


You were on level 1 of the Abyss.
You worshipped the Shining One.
The Shining One was noncommittal.
You were very hungry.

You visited 2 branches of the dungeon, and saw 9 of its levels.
You visited the Abyss 1 time.

You collected 358 gold pieces.

Inventory:

Hand Weapons
 a - a +1 flail (weapon)
Missiles
 K - 6 tomahawks of dispersal (quivered)
Armour
 c - a +0 shield (worn)
 m - a +0 pair of gloves (worn)
 x - a +0 plate armour (worn)
 E - a +2 cloak of magic resistance (worn)
 H - a +0 pair of boots (worn)
Jewellery
 n - a ring of positive energy (left hand)
 w - an amulet of rage (around neck)
 L - a ring of see invisible (right hand)
Wands
 A - a wand of iceblast (15/15)
 G - a wand of polymorph (10/24)
 N - a wand of confusion (31/48)
 O - a wand of polymorph (4/24)
Scrolls
 e - 2 scrolls of summoning {unknown}
 h - 8 scrolls of remove curse
 j - a scroll of holy word {unknown}
 l - a scroll of recharging
 o - 4 scrolls of teleportation
 s - a scroll of magic mapping
 v - a scroll of silence {unknown}
 I - a scroll of enchant weapon
 M - a scroll of noise
Potions
 d - 2 potions of might
 g - 2 potions of invisibility
 i - 3 potions of brilliance
 t - a potion of degeneration {unknown}
 D - a potion of resistance
 F - a potion of cancellation
Comestibles
 f - 7 bread rations
 r - 3 meat rations


   Skills:
 * Level 6.6 Fighting
 - Level 9.7 Maces & Flails
 - Level 8.0 Armour
 + Level 7.3 Shields


You had 9 spell levels left.
You didn't know any spells.

Dungeon Overview and Level Annotations

Branches:
Dungeon (8/15)             Temple (1/1) D:7
   Lair: D:8-11

Altars:
Ashenzari
Cheibriados
Dithmenos
Elyvilon
Fedhas
Gozag
Hepliaklqana
Kikubaaqudgha
Makhleb
Nemelex Xobeh
Okawaru
Qazlal
Ru
Sif Muna
Trog
Uskayaw
Vehumet
Xom
Yredelemnul
Zin
The Shining One

Shops:
D:6 }


Innate Abilities, Weirdness & Mutations

[You are very frail. (-20% HP)]
[Potions are poor at restoring your health.]
[Your spells are much easier to cast, but much less powerful.]


Message History

You hear a roar!
The wretched star pulses with an eldritch light!
You feel frail. x2
A smoke demon comes into view.
The wretched star glows turbulently.
You block the orb of energy. The smoke demon gestures at you.
The ball of steam hits you!
As you read the scroll of teleportation, it crumbles to dust.
You feel strangely unstable.
You feel the power of the Abyss delaying your translocation!
The wretched star glows turbulently.
You block the orb of energy.
The orb of energy explodes!
You are engulfed in a cloud of scalding steam.
The wretched star glows turbulently.
The orb of energy hits you!
* * * LOW HITPOINT WARNING * * *
The smoke demon gestures at you. The ball of steam hits you!
You die...

#####
##########...## #
#§§..*x.. ....#.#
#@#######.......#
#§# #.x...### §3#
######....# ##. #
......#.# .3
#.#*##...... ## #
#. ##... ..# #
#*.# ......
#.##.# . ... # #.
*# ..... .


You could see a wretched star, a smoke demon and a small abomination.

Vanquished Creatures
  The ghost of ReteAZ the Chopper, a novice GrFi of Okawaru (D:7)
  The ghost of ReteAZ the Chopper, a novice GrFi of Okawaru (D:5)
  A centaur zombie (D:8)
  An ancient zyme (Abyss:1)
  6 yaks (D:6)
  3 sky beasts
  3 phantoms
  A centaur (D:5)
  An ogre (D:5)
  3 big kobolds
  A bullfrog (D:6)
  4 scorpions (D:7)
  2 howler monkeys
  3 crimson imps
  2 orc priests
  A jelly (D:8)
  Crazy Yiuf (D:3)
  2 hounds
  Ijyb (D:3)
  2 iguanas
  6 orc wizards
  6 worker ants
  A howler monkey skeleton (D:7)
  5 gnolls
  8 adders
  A shadow imp (D:7)
  An ooze (D:3)
  An adder skeleton (D:4)
  6 worms
  5 dart slugs
  8 leopard geckos
  14 orcs
  8 bats
  19 giant cockroaches
  8 goblins
  5 hobgoblins
  18 jackals
  2 quokkas
  A ball python (D:7)
  A ball python skeleton (D:4)
  7 frilled lizards
  25 kobolds
  10 rats
  A fungus (D:3)
207 creatures vanquished.

Vanquished Creatures (others)
  An orc wizard (D:8)
  3 starspawn tentacles (Abyss:1)
4 creatures vanquished.

Grand Total: 211 creatures vanquished

Notes
Turn   | Place    | Note
-------+----------+-------------------------------------------
     0 | D:1      | Kagerus the Human Fighter began the quest for the Orb.
     0 | D:1      | Reached XP level 1. HP: 18/18 MP: 1/1
    85 | D:1      | Reached skill level 3 in Maces & Flails
    85 | D:1      | Reached XP level 2. HP: 19/24 MP: 2/2
   424 | D:1      | Reached XP level 3. HP: 25/29 MP: 3/3
  1153 | D:1      | Reached XP level 4. HP: 35/35 MP: 4/4
  1328 | D:2      | Reached skill level 4 in Maces & Flails
  1723 | D:2      | Found a sacrificial altar of Ru.
  1727 | D:2      | Reached XP level 5. HP: 38/41 MP: 5/5
  2488 | D:3      | Reached skill level 5 in Maces & Flails
  2525 | D:3      | Noticed Ijyb
  2556 | D:3      | Killed Ijyb
  3349 | D:3      | Reached XP level 6. HP: 47/47 MP: 6/6
  3690 | D:3      | Found a runed door.
  3694 | D:3      | Noticed Crazy Yiuf
  3751 | D:3      | Killed Crazy Yiuf
  3751 | D:3      | Reached skill level 6 in Maces & Flails
  4156 | D:4      | Reached skill level 7 in Maces & Flails
  4156 | D:4      | Reached XP level 7. HP: 42/52 MP: 7/7
  4280 | D:4      | Found a hazy altar of Hepliaklqana.
  4799 | D:5      | Entered Level 5 of the Dungeon
  4830 | D:5      | Noticed ReteAZ's ghost (novice GrFi)
  5269 | D:4      | Reached skill level 8 in Maces & Flails
  5362 | D:5      | Reached XP level 8. HP: 31/58 MP: 8/8
  5562 | D:5      | Killed ReteAZ's ghost
  5562 | D:5      | Reached skill level 9 in Maces & Flails
  5608 | D:5      | Found an ancient bone altar of Kikubaaqudgha.
  5611 | D:5      | Found a blossoming altar of Fedhas.
  5864 | D:5      | Reached XP level 9. HP: 43/63 MP: 9/9
  6470 | D:6      | Reached skill level 5 in Armour
  6685 | D:6      | Found Kyobat's Gadget Shoppe.
  6768 | D:6      | Found a stormy altar of Qazlal.
  7013 | D:6      | Reached skill level 5 in Shields
  7432 | D:7      | Reached XP level 10. HP: 67/70 MP: 10/10
  7527 | D:7      | Noticed ReteAZ's ghost (novice GrFi)
  7551 | D:7      | Killed ReteAZ's ghost
  7587 | D:7      | Reached skill level 5 in Fighting
  7771 | D:7      | Found a staircase to the Ecumenical Temple.
  7796 | Temple   | Entered the Ecumenical Temple
  7866 | Temple   | Became a worshipper of the Shining One
  8574 | D:8      | Cast into level 1 of the Abyss (orc)
  8604 | Abyss:1  | Noticed a wretched star
  8633 | Abyss:1  | Noticed a tentacled starspawn
  8664 | Abyss:1  | HP: 2/76 [tentacled starspawn (10)]
  9160 | Abyss:1  | Noticed a smoke demon
  9163 | Abyss:1  | Killed from afar by a smoke demon

Skill      XL: |  1  2  3  4  5  6  7  8  9 10 |
---------------+-------------------------------+-----
Maces & Flails | 3 4 5 7 8 9 |  9.7
Armour         | 4 8 |  8.0
Shields        | 5 7 |  7.3
Fighting       | 6 |  6.6

Action                   |  1- 3 |  4- 6 |  7- 9 | 10-12 || total
-------------------------+-------+-------+-------+-------++-------
Melee: Flail             |   121 |   254 |   444 |   238 ||  1057
 Abil: Evoke Berserk Rag |       |     3 |     1 |     1 ||     5
Evoke: Wand              |       |       |       |     2 ||     2
  Use: Scroll            |       |    10 |    10 |     6 ||    26
       Potion            |       |     1 |       |    10 ||    11
  Eat: Chunk             |       |    16 |     9 |     2 ||    27
       Royal jelly       |       |     1 |       |     1 ||     2
       Meat ration       |       |       |     1 |       ||     1
Armor: Scale mail        |    66 |   123 |       |       ||   189
       Plate armour      |       |    90 |   338 |   117 ||   545
Dodge: Dodged            |    42 |    91 |    55 |    29 ||   217
Block: Shield            |    76 |   146 |   188 |   122 ||   532
